 Dungeon Crawl Stone Soup version 0.27.1-4-g1640c2035a (webtiles) character file.

Game seed: 17474502262459075612

7126 Jango the Cleaver (level 10, -7/90 HPs)
             Began as a Minotaur Berserker on Nov 5, 2021.
             Was a Priest of Trog.
             Mangled by a gnoll sergeant (10 damage)
             ... on level 10 of the Dungeon on Nov 9, 2021.
             The game lasted 01:57:34 (13140 turns).

Jango the Cleaver (Minotaur Berserker)             Turns: 13140, Time: 01:57:35

Health: -7/90      AC:  2    Str: 23    XL:     10   Next: 85%
Magic:  9/9        EV: 14    Int:  4    God:    Trog [***...]
Gold:   566        SH:  0    Dex: 12    Spells: 9/9 levels left

rFire    x . .     SeeInvis .   f - +3 flail (freeze)
rCold    + . .     Faith    .   (no shield)
rNeg     . . .     Spirit   .   (no armour)
rPois    +         Reflect  .   (helmet restricted)
rElec    .         Harm     .   (no cloak)
rCorr    .         Rampage  .   N - +0 pair of gloves
Will     ++...                  I - +0 pair of boots
Stlth    ++........             (no amulet)
HPRegen  1.25/turn              p - ring of poison resistance
MPRegen  0.11/turn              G - ring of ice

@: strong-willed, on berserk cooldown, regenerating, slowed, very slow
A: horns 2, retaliatory headbutt
a: Renounce Religion, Berserk, Trog's Hand


You were on level 10 of the Dungeon.
You worshipped Trog.
Trog was most pleased with you.
You visited 2 branches of the dungeon, and saw 11 of its levels.

You collected 566 gold pieces.

Inventory:

Hand Weapons
 a - a +0 hand axe
 c - a +1 vampiric dagger
 f - a +3 flail of freezing (weapon)
 j - a +0 war axe of flaming
 k - a +0 flail
 n - a +0 trident
 r - a +0 club
 s - a +0 hand crossbow
 t - a +0 lajatang
 u - a +2 flail of protection
 x - a +0 giant spiked club
 A - the +3 whip of Votobuwi {freeze, rC++ Dex+3}
   (You found it on level 5 of the Dungeon)

   It freezes those it strikes, dealing additional cold damage.
   It can also slow down cold-blooded creatures.
   Dex:       It affects your dexterity (+3).
   rC:        It greatly protects you from cold.
 B - a +1 whip of electrocution
 F - a +1 great sword
 M - a +2 hand axe
 O - a +4 short sword
 P - a +0 shortbow
Missiles
 D - 150 arrows
 H - 4 atropa-tipped darts
 K - 34 poisoned darts (quivered)
Armour
 b - a +0 animal skin
 g - a +0 robe
 l - a +1 ring mail of willpower
 q - a +0 helmet
 I - a +0 pair of boots (worn)
 L - a +0 chain mail
 N - a +0 pair of gloves (worn)
Jewellery
 p - a ring of poison resistance (left hand)
 y - a ring of poison resistance
 G - a ring of ice (right hand)
Wands
 d - a wand of iceblast (13)
 z - a wand of flame (21)
 Q - a wand of acid (6)
Scrolls
 m - a scroll of torment
 C - 2 scrolls of immolation
 E - a scroll of acquirement {unknown}
Potions
 e - a potion of magic {unknown}
 h - 3 potions of flight
 i - 4 potions of heal wounds {unknown}
 o - a potion of invisibility {unknown}
 v - a potion of curing {unknown}
 w - a potion of degeneration {unknown}
 J - 3 potions of might {unknown}


   Skills:
 * Level 8.8 Fighting
 + Level 1.0 Short Blades
 * Level 10.0(11.1) Axes
 * Level 7.8(10.1) Maces & Flails
 + Level 1.5 Bows
 + Level 7.4 Throwing
 + Level 6.9 Armour
 + Level 5.8 Dodging
 + Level 3.4 Stealth
 + Level 0.2 Evocations


You had 9 spell levels left.
You didn't know any spells.
Your spell library contained the following spells:

 Spells                   Type           Power      Damage    Failure   Level
 Summon Small Mammal      Summ           0%         N/A       50%         1
 Corpse Rot               Necr/Air       N/A        N/A       65%         2
 Passwall                 Tmut/Erth      0%         N/A       65%         2
 Poisonous Vapours        Pois/Air       0%         N/A       65%         2
 Sublimation of Blood     Necr           0%         N/A       65%         2
 Wereblood                Tmut           0%         N/A       65%         2
 Call Canine Familiar     Summ           0%         N/A       86%         3
 Summon Guardian Golem    Hex/Summ       0%         N/A       86%         3
 Swiftness                Air            0%         N/A       86%         3
 Freezing Cloud           Conj/Ice/Air   0%         6-21      100%        5
 Invisibility             Hex            0%         N/A       100%        6
 Simulacrum               Ice/Necr       0%         N/A       100%        6
 Summon Hydra             Summ           0%         N/A       100%        7
 Polar Vortex             Ice            0%         N/A       100%        9


Dungeon Overview and Level Annotations

Branches:
Dungeon (10/15)            Temple (1/1) D:6
   Lair: D:8-11         Orc: D:9-12

Altars:
Ashenzari
Cheibriados
Dithmenos
Elyvilon
Fedhas
Gozag
Hepliaklqana
Kikubaaqudgha
Makhleb
Nemelex Xobeh
Okawaru
Qazlal
Ru
Sif Muna
Trog
Uskayaw
Vehumet
Wu Jian
Xom
Yredelemnul
Zin
The Shining One


Innate Abilities, Weirdness & Mutations

You have a pair of horns on your head.
You reflexively headbutt those who attack you in melee.


Message History

The gnoll sergeant burns you. The gnoll hits you with a +0 flail.
The gnoll misses you. The gnoll closely misses you. You furiously retaliate!
You headbutt the gnoll! You sock the gnoll! You freeze the gnoll.
You kill the gnoll!
Trog accepts your kill.
The centaur shoots an arrow.
The arrow closely misses you.
The gnoll sergeant hits you from afar with a +1 spear of flaming!
* * * LOW HITPOINT WARNING * * *
The gnoll sergeant burns you.
* * * LOW HITPOINT WARNING * * *
The centaur shoots an arrow.
The arrow barely misses you.
Aiming: Iceblast
Press: ? - help, Q - select action, (/) - cycle Shift-Dir - straight line, f - gnoll sergeant
Aim: a gnoll sergeant, wielding a +1 spear of flaming, wearing a +0 ring mail and wearing a +0 kite shield The mass of ice explodes!
The iceblast engulfs the gnoll sergeant!
The gnoll sergeant is heavily wounded.
The iceblast engulfs something!
Trog accepts your kill.
Trog appreciates your killing of a magic user.
Reactivating autopickup.
You feel a bit more experienced.
The iceblast engulfs the gnoll!
You kill the gnoll!
Trog accepts your kill.
You can now call in reinforcements.
You hear a shout!
You hear a bellow! x3
An orc wizard comes into view. It is wielding a +0 dagger.
The centaur shoots an arrow.
The arrow closely misses you.
The gnoll sergeant hits you from afar with a +1 spear of flaming!
* * * LOW HITPOINT WARNING * * *
The gnoll sergeant burns you!
* * * LOW HITPOINT WARNING * * *
Your skin crawls.
You feel strong-willed.
You can no longer call in reinforcements.
The centaur shoots an arrow.
The arrow barely misses you.
The gnoll sergeant hits you from afar with a +1 spear of flaming!
You die...

#.###.(Y.# (# .#
#......(.## #.# ..#
..#....(.###(##<.#
#[###.#g###.(.##.#...#
#.....#...(..........#
#.g()o#.g.....#...#
#$###g#c###...###.#
#.....#.....)..##.#
.....#.)@..#........#####
.### #.###.#.###.......<.
#. ..#......####### ..
.......)## ... .......##
#### #.##.## #. #. . #.


You could see a gnoll sergeant, a centaur, an orc wizard and 2 gnolls.

Vanquished Creatures
  A two-headed ogre (D:9)
  Pikel (D:5)
  A deep elf pyromancer (D:9)
  A cyclops (D:10)
  A komodo dragon (D:9)
  A troll (D:9)
  Prince Ribbit (D:6)
  Grinder (D:5)
  3 wyverns
  2 vampire mosquitoes (D:10)
  A water moccasin (D:5)
  3 black bears
  An ice beast (D:6)
  3 sky beasts
  2 ogres
  A centaur (D:9)
  2 lemures (D:5)
  A kobold brigand (D:7)
  A phantom (D:5)
  3 bullfrogs
  A gnoll sergeant (D:9)
  5 scorpions
  3 killer bees (D:9)
  8 wights
  2 centaur zombies
  9 howler monkeys
  A bullfrog zombie (D:3)
  5 hounds
  2 orc priests (D:7)
  4 centaur skeletons (D:7)
  A gnoll shaman (D:8)
  Terence (D:3)
  Natasha (twice) (D:4)
  2 iguanas
  2 orc wizards
  A howler monkey zombie (D:8)
  Robin (D:2)
  17 gnolls
  6 adders
  A white imp (D:6)
  An ufetubus (D:5)
  An adder zombie (D:5)
  A worm (D:3)
  A dart slug (D:1)
  5 orcs
  2 bats
  2 endoplasms
  2 giant cockroaches
  9 goblins
  13 hobgoblins
  A jackal (D:5)
  6 kobolds
  A quokka (D:1)
  7 ball pythons
  5 frilled lizards
  4 rats
166 creatures vanquished.

Vanquished Creatures (collateral kills)
  2 gnolls (D:9)
2 creatures vanquished.

Vanquished Creatures (others)
  A plant (D:5)
1 creature vanquished.

Grand Total: 169 creatures vanquished

Notes
Turn   | Place    | Note
-------+----------+-------------------------------------------
     0 | D:1      | Jango the Minotaur Berserker began the quest for the Orb.
     0 | D:1      | Reached XP level 1. HP: 19/19 MP: 0/0
   868 | D:1      | Reached XP level 2. HP: 25/27 MP: 1/1
   888 | D:1      | Found a faded altar of an unknown god.
   949 | D:1      | Reached skill level 4 in Axes
  2004 | D:2      | Reached XP level 3. HP: 20/33 MP: 2/2
  2513 | D:3      | Noticed Terence
  2534 | D:3      | Killed Terence
  2718 | D:3      | Reached ** piety under Trog
  2719 | D:3      | Reached skill level 1 in Short Blades
  2719 | D:3      | Reached XP level 4. HP: 35/41 MP: 3/3
  2791 | D:3      | Found a glowing drain.
  2841 | D:3      | Found a burning altar of Makhleb.
  2911 | D:2      | Found an iron altar of Okawaru.
  3095 | D:2      | Noticed Robin
  3108 | D:2      | Killed Robin
  3110 | D:2      | Reached skill level 1 in Stealth
  3110 | D:2      | Reached XP level 5. HP: 47/47 MP: 4/4
  3270 | D:3      | Found a white marble altar of Elyvilon.
  3299 | D:3      | Reached skill level 1 in Throwing
  3629 | D:4      | Found a sacrificial altar of Ru.
  3638 | D:4      | Found a bloodstained altar of Trog.
  3990 | D:4      | Reached skill level 5 in Axes
  4278 | D:4      | Found a sparkling altar of Nemelex Xobeh.
  4289 | D:4      | Noticed Natasha
  4296 | D:4      | Killed Natasha
  4457 | D:4      | Noticed Natasha
  4464 | D:4      | Killed Natasha
  4514 | D:5      | Entered Level 5 of the Dungeon
  4514 | D:5      | Noticed a sky beast
  4517 | D:5      | Noticed a black bear
  4519 | D:5      | Noticed a black bear
  4522 | D:5      | Killed a black bear
  4523 | D:5      | Reached skill level 5 in Fighting
  4523 | D:5      | Reached XP level 6. HP: 56/56 MP: 5/5
  4524 | D:5      | Killed a sky beast
  4525 | D:5      | Reached skill level 6 in Axes
  4529 | D:5      | Reached XP level 7. HP: 61/61 MP: 6/6
  4660 | D:5      | Noticed Grinder
  4675 | D:5      | Reached skill level 7 in Axes
  4795 | D:5      | Killed Grinder
  4796 | D:5      | Reached skill level 5 in Armour
  4796 | D:5      | Reached XP level 8. HP: 61/70 MP: 7/7
  5032 | D:5      | Identified the +3 whip of Votobuwi {freeze, rC++ Dex+3}
  5208 | D:5      | Noticed Pikel
  5223 | D:5      | Killed Pikel
  5224 | D:5      | Reached skill level 8 in Axes
  5695 | D:5      | Reached *** piety under Trog
  6481 | D:6      | Reached XP level 9. HP: 73/78 MP: 8/8
  6692 | D:6      | Noticed Prince Ribbit
  6707 | D:6      | Killed Prince Ribbit
  6899 | D:6      | Found a sand-covered staircase.
  6969 | D:6      | Found a staircase to the Ecumenical Temple.
  6975 | Temple   | Entered the Ecumenical Temple
  7092 | D:6      | Found a stormy altar of Qazlal.
  7107 | D:6      | Found an opulent altar of Gozag.
  7229 | D:6      | Found a glowing silver altar of Zin.
  7679 | D:7      | Reached skill level 5 in Maces & Flails
  7974 | D:7      | Reached skill level 5 in Throwing
  8542 | D:7      | Found an iron altar of Okawaru.
  9013 | D:7      | Reached skill level 5 in Dodging
 10308 | D:8      | Found a shadowy altar of Dithmenos.
 10629 | D:9      | Noticed a two-headed ogre
 10639 | D:9      | Killed a two-headed ogre
 10640 | D:9      | Reached skill level 9 in Axes
 10640 | D:9      | Reached XP level 10. HP: 88/88 MP: 9/9
 10878 | D:9      | Noticed a deep elf pyromancer
 10889 | D:9      | Killed a deep elf pyromancer
 11431 | D:9      | Reached **** piety under Trog
 12821 | D:10     | Entered Level 10 of the Dungeon
 13114 | D:10     | Noticed a cyclops
 13120 | D:10     | Reached skill level 1 in Bows
 13123 | D:10     | Killed a cyclops
 13124 | D:10     | Reached skill level 10 in Axes
 13127 | D:10     | Noticed a green ugly thing
 13139 | D:10     | HP: 1/90 [gnoll sergeant (7)]
 13140 | D:10     | Mangled by a gnoll sergeant

Illustrated notes

Levels and vault maps discovered:
D:1:      erik_arrival_orb_chamber, layout_basic, basic_ecumenical_altar
D:2:      layout_basic, basic_altar, uniq_robin
D:3:      layout_basic, elyvilon_altar_1, mainiacjoe_overflow_surrounded_room,
          cheibrodos_sewer_entry_drain, uniq_terence
D:4:      layout_loops_corners, nemelex_xobeh_ov_fountains_minmay,
          mainiacjoe_overflow_catwalk_spiral, uniq_natasha
D:5:      layout_cave_pools, moated_statue, serial_bayou_pond_a,
          hangedman_minor_gate_pass, uniq_grinder, uniq_pikel
D:6:      layout_basic, grunt_gozag_statues,
          mainiacjoe_overflow_concentric_impassable, zin_treasury,
          minmay_temple_entry_enclosed_plants, nicolae_ossuary_entry_plus,
          uniq_prince_ribbit1
D:7:      layout_basic, mainiacjoe_overflow_cross_hatched
D:8:      layout_cave_pools, nicolae_dithmenos_shadow_blocks,
          blue_anna_alchemist
D:9:      layout_long_grid
D:10:     hangedman_cross_stitches, layout_loops_ring
Temple:   nicolae_temple_hex_pool

Skill      XL: |  1  2  3  4  5  6  7  8  9 10 |
---------------+-------------------------------+-----
Fighting       | 4 5 6 7 8 |  8.8
Axes           | 4 5 6 7 8 9 10 | 10.0
Short Blades   | 1 |  1.0
Stealth        | 1 2 3 |  3.4
Throwing       | 1 3 4 6 7 |  7.4
Armour         | 3 4 5 6 |  6.9
Dodging        | 3 4 5 |  5.8
Maces & Flails | 3 6 7 |  7.8
Bows           | 1 |  1.5
Evocations     | |  0.2

Action                   |  1- 3 |  4- 6 |  7- 9 | 10-12 || total
-------------------------+-------+-------+-------+-------++-------
Melee: Hand axe          |    20 |       |       |     3 ||    23
       Headbutt          |    11 |    12 |    48 |    17 ||    88
       Dagger            |    36 |       |       |       ||    36
       War axe           |    14 |    63 |    91 |    12 ||   180
       Whip              |       |       |   117 |       ||   117
       Flail             |       |       |       |    43 ||    43
 Fire: Shortbow          |       |       |       |    12 ||    12
Throw: Dart              |    13 |     2 |    18 |    31 ||    64
       Boomerang         |       |    12 |   132 |       ||   144
       Throwing net      |       |       |     2 |       ||     2
Invok: Berserk           |       |     2 |     7 |     5 ||    14
       Trog's Hand       |       |     1 |     2 |     2 ||     5
       Brothers in Arms  |       |       |       |     1 ||     1
Evoke: Wand              |       |       |       |     5 ||     5
  Use: Scroll            |     1 |     2 |     8 |     2 ||    13
 Stab: Invisible         |     1 |       |     4 |       ||     5
       Confused          |       |       |     1 |       ||     1
       Distracted        |       |       |       |     1 ||     1
Armor: Animal skin       |     9 |       |       |       ||     9
       Ring mail         |     1 |    21 |    48 |       ||    70
       Skin              |       |       |     2 |     8 ||    10
Dodge: Dodged            |    39 |    34 |   111 |    65 ||   249
